[Event "HUN-ch Rapid 2019"]
[Site "Ajka"]
[Date "2019.07.21"]
[Round "11.8"]
[White "Gelle, Istvan"]
[Black "Vertetics, Attila"]
[Result "0-1"]
[ECO "A45"]
[WhiteElo "2325"]
[BlackElo "2438"]
[Annotator "NA"]
[PlyCount "60"]
[EventDate "2019.07.18"]
[EventType "swiss"]
[EventCountry "HUN"]
[SourceTitle "playchess.com"]
[Source "ChessBase"]
[SourceQuality "1"]
[TimeControl "1200+5"]

1. d4 Nf6 2. Bf4 e6 3. e3 d5 4. Nd2 c5 5. c3 Nc6 6. Ngf3 cxd4 7. exd4 Nh5 8. Be3 Bd6 9. g3 O-O 10. Be2 g6 11. a4 Ng7 12. Bh6 f6 13. h4 Rf7 14. Bxg7 Kxg7 15. h5 g5 16. h6+ Kh8 17. Nf1 g4 18. N3h2 f5 19. f4 gxf3 20. Nxf3 Bd7 21. Bb5 Qf6 22. Qe2 Rg8 23. Bxc6 Bxc6 24. Ne5 Bxe5 25. dxe5 Qg5 26. Rh5 Qd8 27. O-O-O Bxa4 28. Rd4 Be8 29. Rhh4 Qa5 30. Qe3 Qa1+ 0-1

[Event "HUN-ch Rapid 2019"]
[Site "Ajka"]
[Date "2019.07.21"]
[Round "11.9"]
[White "Balog, Imre"]
[Black "Nemeth, Zoltan"]
[Result "1/2-1/2"]
[ECO "D23"]
[WhiteElo "2566"]
[BlackElo "2275"]
[Annotator "ChessBase"]
[PlyCount "126"]
[EventDate "2019.07.18"]
[EventType "swiss"]
[EventCountry "HUN"]
[SourceTitle "playchess.com"]
[Source "ChessBase"]
[SourceQuality "1"]
[TimeControl "1200+5"]

1. d4 d5 2. Nf3 Nf6 3. c4 dxc4 4. Qa4+ Qd7 5. Qxc4 Qc6 6. Nbd2 Qxc4 7. Nxc4 Be6 8. b3 Bd5 9. Bb2 e6 10. Nfd2 Ne4 11. Nxe4 Bxe4 12. f3 Bc6 13. e4 b6 14. O-O-O Bb7 15. d5 exd5 16. exd5 f6 17. d6 Kd7 18. dxc7+ Kxc7 19. Ne3 Nd7 20. Bb5 Rd8 21. Nf5 a6 22. Be2 Ne5 23. Rxd8 Kxd8 24. Rd1+ Kc7 25. Nd4 Bc8 26. Rd2 Bc5 27. Rc2 Kb7 28. f4 Rd8 29. fxe5 Bxd4 30. Bf3+ Kb8 31. Bxd4 Rxd4 32. exf6 gxf6 33. Rc6 b5 34. Rxf6 Rd7 35. Rf8 Rc7+ 36. Kd2 Ka7 37. g3 Bb7 38. Bd1 Be4 39. Rf4 Bg6 40. h4 Rd7+ 41. Ke1 Bb1 42. Rf2 Rg7 43. g4 a5 44. a3 Re7+ 45. Kd2 b4 46. axb4 axb4 47. Rf4 Rb7 48. h5 Ka6 49. Rd4 h6 50. Be2+ Ka7 51. Ke3 Bc2 52. Bc4 Re7+ 53. Kf4 Re1 54. Bg8 Bd1 55. Kf5 Rg1 56. Rxb4 Rg3 57. Be6 Ka6 58. Kg6 Re3 59. Bf5 Bxb3 60. Kxh6 Bd1 61. Kg5 Ka5 62. Rb1 Ba4 63. h6 Re5 1/2-1/2

[Event "HUN-ch Rapid 2019"]
[Site "Ajka"]
[Date "2019.07.21"]
[Round "11.10"]
[White "Prohaszka, Peter"]
[Black "Balint, Vilmos"]
[Result "1-0"]
[ECO "A40"]
[WhiteElo "2598"]
[BlackElo "2203"]
[Annotator "ChessBase"]
[PlyCount "85"]
[EventDate "2019.07.18"]
[EventType "swiss"]
[EventCountry "HUN"]
[SourceTitle "playchess.com"]
[Source "ChessBase"]
[SourceQuality "1"]
[TimeControl "1200+5"]

1. d4 e6 2. g3 c5 3. c3 Nf6 4. Bg2 d5 5. Nf3 Nc6 6. O-O Be7 7. e3 O-O 8. b3 Ne4 9. Bb2 b6 10. Nbd2 f5 11. Rc1 Bb7 12. a3 a5 13. a4 Rc8 14. Re1 Qe8 15. Nxe4 fxe4 16. Nd2 cxd4 17. exd4 Bg5 18. Ra1 e5 19. Ba3 Qf7 20. Bxf8 Rxf8 21. f4 exf4 22. gxf4 Qxf4 23. Ra2 Ba6 24. Nxe4 dxe4 25. Rxe4 Qf6 26. Qe1 Nd8 27. Re8 Bf4 28. Rf2 g5 29. Bd5+ Kg7 30. Qe7+ Qxe7 31. Rxe7+ Kh6 32. h4 Bd3 33. Be4 Bxe4 34. Rxe4 Rf5 35. Kf1 Kg6 36. hxg5 Bxg5 37. c4 h5 38. d5 h4 39. Ke2 Kf6 40. Re8 Kg6 41. Rg8+ Kf6 42. Rf8+ Nf7 43. Rxf7+ 1-0

[Event "HUN-ch Rapid 2019"]
[Site "Ajka"]
[Date "2019.07.21"]
[Round "11.11"]
[White "Videki, Sandor"]
[Black "Borhy, Marcell"]
[Result "1/2-1/2"]
[ECO "B07"]
[WhiteElo "2401"]
[BlackElo "2382"]
[Annotator "NA"]
[PlyCount "74"]
[EventDate "2019.07.18"]
[EventType "swiss"]
[EventCountry "HUN"]
[SourceTitle "playchess.com"]
[Source "ChessBase"]
[SourceQuality "1"]
[TimeControl "1200+5"]

1. e4 d6 2. d4 Nf6 3. Nc3 Nbd7 4. f4 e5 5. Nf3 exd4 6. Qxd4 c6 7. Bd2 d5 8. exd5 Bc5 9. Qd3 Qe7+ 10. Be2 Nxd5 11. Nxd5 cxd5 12. O-O-O O-O 13. Rhe1 Nf6 14. Ng5 Qc7 15. Bf3 h6 16. Nh3 Bxh3 17. gxh3 Rad8 18. Kb1 Qb6 19. f5 d4 20. Rg1 Nd5 21. Bxd5 Rxd5 22. Qf3 Rfd8 23. f6 g6 24. Bxh6 d3 25. Rgf1 Rf5 26. Qg2 dxc2+ 27. Qxc2 Rxd1+ 28. Rxd1 Qxf6 29. Bd2 Rf1 30. a3 Bf8 31. Bc3 Rxd1+ 32. Qxd1 Qf5+ 33. Ka1 Bg7 34. Bxg7 Kxg7 35. Qd4+ Qf6 36. Qxa7 Qf1+ 37. Ka2 Qc4+ 1/2-1/2

[Event "HUN-ch Rapid 2019"]
[Site "Ajka"]
[Date "2019.07.21"]
[Round "11.12"]
[White "Farago, Sandor"]
[Black "Popovics, Adam"]
[Result "1/2-1/2"]
[ECO "B90"]
[WhiteElo "2210"]
[BlackElo "2365"]
[Annotator "NA"]
[PlyCount "122"]
[EventDate "2019.07.18"]
[EventType "swiss"]
[EventCountry "HUN"]
[SourceTitle "playchess.com"]
[Source "ChessBase"]
[SourceQuality "1"]
[TimeControl "1200+5"]

1. e4 c5 2. Nf3 d6 3. d4 cxd4 4. Nxd4 Nf6 5. Nc3 a6 6. f3 e5 7. Nb3 Be6 8. Be3 Nbd7 9. Qd2 Be7 10. g4 b5 11. g5 b4 12. Na4 Nh5 13. O-O-O Qc7 14. Qxb4 d5 15. Qa5 Qxa5 16. Nxa5 d4 17. Bd2 Bxa2 18. Nc6 Bd6 19. Nb4 Be6 20. Nd5 O-O 21. Kb1 f6 22. Bc4 fxg5 23. Bxg5 Kh8 24. Rhf1 h6 25. Bc1 Rf7 26. c3 Raf8 27. Be2 Bh3 28. Rg1 Nc5 29. Nxc5 Bxc5 30. Rg6 Bc8 31. cxd4 Bxd4 32. f4 Nf6 33. fxe5 Bxe5 34. Bd3 Bxh2 35. Rh1 Nxd5 36. exd5 Bf4 37. Bxf4 Rxf4 38. Rhg1 R8f7 39. Rc6 Bb7 40. Rd6 R4f6 41. Rd8+ Rf8 42. Rd7 R6f7 43. Rd6 Re7 44. Bxa6 Bxa6 45. Rxa6 Rd7 46. Rd1 h5 47. d6 h4 48. Ra4 g5 49. Rd5 Rf1+ 50. Kc2 Rf2+ 51. Kc3 Rf3+ 52. Kd2 Rg3 53. Raa5 Kh7 54. Rxg5 Rxd6+ 55. Kc2 Rxg5 56. Rxg5 h3 57. Rg1 h2 58. Rh1 Rh6 59. Kd2 Kg6 60. Ke2 Kf5 61. Kf3 Ke5 {Ke4+} 1/2-1/2

[Event "HUN-ch Rapid 2019"]
[Site "Ajka"]
[Date "2019.07.21"]
[Round "11.13"]
[White "Egresi, Mate"]
[Black "Bohus, Adam"]
[Result "1-0"]
[ECO "D20"]
[WhiteElo "2341"]
[BlackElo "2219"]
[Annotator "NA"]
[PlyCount "101"]
[EventDate "2019.07.18"]
[EventType "swiss"]
[EventCountry "HUN"]
[SourceTitle "playchess.com"]
[Source "ChessBase"]
[SourceQuality "1"]
[TimeControl "1200+5"]

1. d4 d5 2. c4 dxc4 3. e3 Nf6 4. Bxc4 a6 5. Nf3 e6 6. O-O c5 7. dxc5 Bxc5 8. Qxd8+ Kxd8 9. Ne5 Ke7 10. Be2 Nbd7 11. Nc4 b6 12. Bf3 Ra7 13. Nbd2 Bb7 14. Bxb7 Rxb7 15. Nb3 Rc8 16. Nxc5 Nxc5 17. b3 b5 18. Na5 Rbb8 19. Rd1 Nce4 20. Bb2 Nc3 21. Rd2 Nfe4 22. Rc2 b4 23. a3 bxa3 24. Bxa3+ Ke8 25. f3 Nf6 26. Rac1 Nfd5 27. e4 Nf4 28. Kf1 Nd3 29. Rxc3 Nxc1 30. Rxc1 Rxc1+ 31. Bxc1 Rb5 32. Bd2 Kd7 33. Ke2 Rh5 34. h3 Rb5 35. Kd3 f5 36. b4 fxe4+ 37. fxe4 Rb8 38. Nb3 Rf8 39. Nc5+ Kd6 40. Nxa6 Rf2 41. b5 Rxg2 42. e5+ Kd5 43. Nc7+ Kc5 44. Be3+ Kb4 45. b6 Rb2 46. Nxe6 Rb3+ 47. Ke4 g6 48. b7 Kc4 49. Nd8 Rb4 50. Ba7 Kc3+ 51. Ke3 1-0

[Event "HUN-ch Rapid 2019"]
[Site "Ajka"]
[Date "2019.07.21"]
[Round "11.14"]
[White "Deak, Sandor"]
[Black "Kovacsy, Barnabas"]
[Result "0-1"]
[ECO "D91"]
[WhiteElo "2279"]
[BlackElo "2087"]
[Annotator "NA"]
[PlyCount "76"]
[EventDate "2019.07.18"]
[EventType "swiss"]
[EventCountry "HUN"]
[SourceTitle "playchess.com"]
[Source "ChessBase"]
[SourceQuality "1"]
[TimeControl "1200+5"]

1. d4 Nf6 2. c4 g6 3. Nc3 d5 4. Nf3 Bg7 5. Bg5 dxc4 6. e4 c5 7. d5 b5 8. Qc2 Qa5 9. Nd2 O-O 10. a4 a6 11. Ra2 b4 12. Nxc4 Qc7 13. Nd1 b3 14. Qxb3 Nxe4 15. Be3 Nd7 16. Bd3 Nd6 17. Bf4 Nf6 18. Nde3 Rb8 19. Qd1 Nh5 20. Bxd6 exd6 21. O-O f5 22. f4 Bd7 23. a5 Rfe8 24. Nc2 Bb5 25. Nb6 Rxb6 26. axb6 Qxb6 27. Bxb5 axb5 28. Re1 Rf8 29. g3 b4 30. Ne3 Bd4 31. Kg2 Qb7 32. Qf3 Re8 33. Raa1 Nf6 34. Rad1 Re4 35. b3 Kg7 36. h3 Bxe3 37. Rxe3 Rxe3 38. Qxe3 Nxd5 0-1

[Event "HUN-ch Rapid 2019"]
[Site "Ajka"]
[Date "2019.07.21"]
[Round "11.15"]
[White "Farago, Ivan"]
[Black "Hardicsay, Peter"]
[Result "1/2-1/2"]
[ECO "D20"]
[WhiteElo "2350"]
[BlackElo "2185"]
[Annotator "NA"]
[PlyCount "75"]
[EventDate "2019.07.18"]
[EventType "swiss"]
[EventCountry "HUN"]
[SourceTitle "playchess.com"]
[Source "ChessBase"]
[SourceQuality "1"]
[TimeControl "1200+5"]

1. d4 d5 2. c4 dxc4 3. e3 e5 4. Bxc4 exd4 5. exd4 Bd6 6. Nf3 Nf6 7. Qe2+ Qe7 8. Qxe7+ Bxe7 9. O-O O-O 10. Nc3 a6 11. Bg5 h6 12. Bh4 Nbd7 13. Rfe1 Bd6 14. Ne5 b5 15. Bd5 Nxd5 16. Nxd5 Nb6 17. Nxb6 cxb6 18. Nc6 Be6 19. Bg3 Rfc8 20. Rac1 Bf8 21. a3 Bd5 22. Nb4 Bxb4 23. axb4 Rc4 24. Rxc4 bxc4 25. Bc7 b5 26. f3 Bc6 27. Re5 Rc8 28. Ba5 Bd7 29. d5 Re8 30. Re4 f6 31. Kf2 Kf7 32. Ke3 Rc8 33. Kd4 c3 34. bxc3 Rc4+ 35. Ke3 Rxc3+ 36. Kd2 Rc8 37. Re3 Rc4 38. Rd3 1/2-1/2

[Event "HUN-ch Rapid 2019"]
[Site "Ajka"]
[Date "2019.07.21"]
[Round "11.16"]
[White "Seres, Bela"]
[Black "Jakab, Attila"]
[Result "0-1"]
[ECO "B27"]
[WhiteElo "2161"]
[BlackElo "2377"]
[Annotator "NA"]
[PlyCount "60"]
[EventDate "2019.07.18"]
[EventType "swiss"]
[EventCountry "HUN"]
[SourceTitle "playchess.com"]
[Source "ChessBase"]
[SourceQuality "1"]
[TimeControl "1200+5"]

1. e4 c5 2. Nf3 g6 3. d4 Bg7 4. dxc5 Nf6 5. Bd3 Qa5+ 6. c3 Qxc5 7. Na3 d6 8. Nb5 b6 9. Be3 Qc6 10. Nbd4 Qc7 11. h3 O-O 12. O-O Bb7 13. Nd2 Nbd7 14. f3 d5 15. Qe2 Nc5 16. Bf2 Nxd3 17. Qxd3 Rad8 18. e5 Qxe5 19. Rfe1 Qc7 20. Nb5 Qd7 21. Nxa7 Nh5 22. Bxb6 Ra8 23. Bf2 Nf4 24. Qb5 Qf5 25. Qxb7 Qg5 26. g4 Nxh3+ 27. Kf1 Qxd2 28. Re2 Qd3 29. Nc6 Nf4 30. Rae1 Qxf3 {[%emt 0:00:09] Kg2 Nh3+} 0-1

[Event "HUN-ch Rapid 2019"]
[Site "Ajka"]
[Date "2019.07.21"]
[Round "11.17"]
[White "Dankhazi, Andras"]
[Black "Udvardi, Zalan"]
[Result "1-0"]
[ECO "A61"]
[WhiteElo "2277"]
[BlackElo "2193"]
[Annotator "NA"]
[PlyCount "125"]
[EventDate "2019.07.18"]
[EventType "swiss"]
[EventCountry "HUN"]
[SourceTitle "playchess.com"]
[Source "ChessBase"]
[SourceQuality "1"]
[TimeControl "1200+5"]

1. d4 Nf6 2. c4 c5 3. d5 e6 4. Nc3 exd5 5. cxd5 d6 6. Nf3 g6 7. Bf4 Bg7 8. Qa4+ Bd7 9. Qb3 Qc7 10. e4 O-O 11. Nd2 Nh5 12. Be3 f5 13. exf5 gxf5 14. Be2 f4 15. Bxh5 fxe3 16. fxe3 b5 17. Nxb5 Bxb5 18. Qxb5 Qe7 19. O-O-O Nd7 20. Nc4 Rab8 21. Qc6 Ne5 22. Qxd6 Qg5 23. Be2 Nxc4 24. Bxc4 Qxe3+ 25. Rd2 Bxb2+ 26. Kd1 Be5 27. Qe6+ Kh8 28. Bb3 c4 29. Re1 Qxe1+ 30. Kxe1 Rbe8 31. Ba4 Rxe6 32. dxe6 Bf6 33. Rd7 Re8 34. Rxh7+ Kxh7 35. Bxe8 Kh6 36. Bb5 c3 37. Ba4 Kg5 38. Kf2 Kf5 39. Kf3 Kxe6 40. Ke4 Be5 41. g3 Kf6 42. Bc2 Bc7 43. Kf3 Kg7 44. h4 Bd8 45. Kg4 Bc7 46. Kh3 Kh6 47. g4 Bf4 48. g5+ Kh5 49. Bd1+ Kg6 50. Kg4 Be3 51. h5+ Kg7 52. Kf5 Bd4 53. Bc2 Kf8 54. h6 Bh8 55. Ke6 Bd4 56. g6 Kg8 57. Kf5 Kh8 58. Bb3 a5 59. Ke4 Bf6 60. a4 c2 61. Bxc2 Bg5 62. g7+ Kh7 63. Bb3 1-0

[Event "HUN-ch Rapid 2019"]
[Site "Ajka"]
[Date "2019.07.21"]
[Round "11.18"]
[White "Varga, Klara"]
[Black "Hoang, Thanh Trang"]
[Result "1-0"]
[ECO "A10"]
[WhiteElo "2146"]
[BlackElo "2414"]
[Annotator "NA"]
[PlyCount "63"]
[EventDate "2019.07.18"]
[EventType "swiss"]
[EventCountry "HUN"]
[SourceTitle "playchess.com"]
[Source "ChessBase"]
[SourceQuality "1"]
[TimeControl "1200+5"]

1. c4 f5 2. Nc3 Nf6 3. Nf3 g6 4. g3 Bg7 5. Bg2 O-O 6. O-O d6 7. d3 Nc6 8. e4 e5 9. Be3 f4 10. gxf4 Nh5 11. f5 gxf5 12. exf5 Bxf5 13. Ng5 Nf4 14. Bxf4 exf4 15. Bd5+ Kh8 16. Nce4 Nd4 17. Qh5 Bg6 18. Qg4 c6 19. Be6 Nxe6 20. Nxe6 Qd7 21. f3 Bxe4 22. dxe4 Rg8 23. Kh1 Bxb2 24. Qh3 Bxa1 25. Rxa1 Qf7 26. Rd1 Rae8 27. Nd4 d5 28. Nf5 Qe6 29. cxd5 cxd5 30. Re1 dxe4 31. fxe4 Qxa2 32. Qc3+ 1-0

[Event "HUN-ch Rapid 2019"]
[Site "Ajka"]
[Date "2019.07.21"]
[Round "11.19"]
[White "Szalanczi, Emil"]
[Black "Csiszar, Csaba"]
[Result "0-1"]
[ECO "B32"]
[WhiteElo "2159"]
[BlackElo "2432"]
[Annotator "NA"]
[PlyCount "118"]
[EventDate "2019.07.18"]
[EventType "swiss"]
[EventCountry "HUN"]
[SourceTitle "playchess.com"]
[Source "ChessBase"]
[SourceQuality "1"]
[TimeControl "1200+5"]

1. e4 c5 2. Nf3 Nc6 3. d4 cxd4 4. Nxd4 e5 5. Nb5 d6 6. N5c3 Be7 7. Bc4 Nf6 8. O-O O-O 9. Bb3 Bg4 10. Qd3 Nh5 11. Nd5 Bg5 12. Nbc3 Nd4 13. Be3 Bxe3 14. fxe3 Nxb3 15. axb3 Be6 16. Rf2 a6 17. Raf1 Rc8 18. Qe2 g6 19. Nf6+ Nxf6 20. Rxf6 Kg7 21. Qf2 Qe7 22. Qh4 Rc7 23. R1f3 h6 24. h3 Re8 25. Nd5 Bxd5 26. exd5 Rf8 27. c4 e4 28. Rf2 Qe5 29. Qf4 Qxf4 30. R2xf4 Rd7 31. g4 Rc8 32. h4 b5 33. cxb5 axb5 34. g5 hxg5 35. hxg5 Rc5 36. Rxe4 Rxd5 37. Rf2 Rxg5+ 38. Rg2 Re5 39. Rb4 Rxe3 40. Rxb5 d5 41. Rd2 d4 42. Rb4 d3 43. Kf2 Rde7 44. Rb5 Re2+ 45. Rxe2 Rxe2+ 46. Kf3 Rxb2 47. Ke3 d2 48. Ke2 f5 49. Rb8 f4 50. Rb7+ Kh6 51. Rf7 Kg5 52. Rd7 Kg4 53. Rf7 g5 54. b4 Kg3 55. b5 g4 56. Rf5 f3+ 57. Kd1 f2 58. Ke2 Rxb5 59. Rxb5 f1=Q+ 0-1

[Event "HUN-ch Rapid 2019"]
[Site "Ajka"]
[Date "2019.07.21"]
[Round "11.20"]
[White "Csonka, Balazs"]
[Black "Finszter, Mate"]
[Result "1-0"]
[ECO "B27"]
[WhiteElo "2472"]
[BlackElo "2276"]
[Annotator "ChessBase"]
[PlyCount "59"]
[EventDate "2019.07.18"]
[EventType "swiss"]
[EventCountry "HUN"]
[SourceTitle "playchess.com"]
[Source "ChessBase"]
[SourceQuality "1"]
[TimeControl "1200+5"]

1. Nf3 c5 2. e4 g6 3. d4 cxd4 4. Qxd4 Nf6 5. Nc3 Nc6 6. Qa4 d6 7. e5 dxe5 8. Nxe5 Bd7 9. Nxd7 Qxd7 10. Be3 Bg7 11. Rd1 Qc7 12. g3 O-O 13. Bg2 a6 14. O-O b5 15. Qh4 Rfd8 16. a4 bxa4 17. Qxa4 Rdc8 18. Rfe1 e6 19. Bf4 Qb6 20. Rd6 Ng4 21. Rf1 Nxf2 22. Rxf2 Bd4 23. Rxd4 Nxd4 24. Bxa8 Rxa8 25. Be3 e5 26. Qd7 Rf8 27. Bh6 Nf3+ 28. Kg2 Rd8 29. Qe7 Ne1+ 30. Kf1 1-0

[Event "HUN-ch Rapid 2019"]
[Site "Ajka"]
[Date "2019.07.21"]
[Round "12.2"]
[White "Vertetics, Attila"]
[Black "Gledura, Benjamin"]
[Result "0-1"]
[ECO "D95"]
[WhiteElo "2438"]
[BlackElo "2654"]
[Annotator "ChessBase"]
[PlyCount "52"]
[EventDate "2019.07.18"]
[EventType "swiss"]
[EventCountry "HUN"]
[SourceTitle "playchess.com"]
[Source "ChessBase"]
[SourceQuality "1"]
[TimeControl "1200+5"]

1. d4 Nf6 2. Nf3 g6 3. c4 Bg7 4. Nc3 d5 5. e3 O-O 6. Qb3 e6 7. Bd2 b6 8. Rc1 dxc4 9. Bxc4 Bb7 10. Be2 Nbd7 11. O-O c5 12. Rfd1 Nd5 13. dxc5 Nxc5 14. Qa3 Qe7 15. Nxd5 Bxd5 16. Bc3 Rfd8 17. Bxg7 Kxg7 18. Nd4 e5 19. Nb5 a5 20. f3 Rac8 21. Nc3 Bc6 22. Bb5 Qg5 23. Bxc6 Qxe3+ 24. Kf1 Rxc6 25. Rxd8 Qxc1+ 26. Rd1 Qc2 0-1

[Event "HUN-ch Rapid 2019"]
[Site "Ajka"]
[Date "2019.07.21"]
[Round "12.3"]
[White "Hera, Imre Jr."]
[Black "Banusz, Tamas"]
[Result "1/2-1/2"]
[ECO "A00"]
[WhiteElo "2610"]
[BlackElo "2626"]
[Annotator "ChessBase"]
[PlyCount "68"]
[EventDate "2019.07.18"]
[EventType "swiss"]
[EventCountry "HUN"]
[SourceTitle "playchess.com"]
[Source "ChessBase"]
[SourceQuality "1"]
[TimeControl "1200+5"]

1. g3 d5 2. Bg2 g6 3. c4 d4 4. b4 Bg7 5. d3 e5 6. Nf3 Ne7 7. O-O a5 8. b5 c5 9. a4 Ra7 10. Ra2 b6 11. e4 O-O 12. Nh4 Be6 13. f4 exf4 14. gxf4 f5 15. Nd2 Kh8 16. Qe1 Re8 17. e5 Nd7 18. Nhf3 Nf8 19. Ng5 Kg8 20. Nxe6 Nxe6 21. Nf3 Kf7 22. h4 h5 23. Bh1 Bh6 24. Qg3 Rg8 25. Rh2 Ke8 26. Kf2 Kd7 27. Ke1 Kc7 28. Kd1 Qd7 29. Kc2 Raa8 30. Ng5 Bxg5 31. Bxa8 Rxa8 32. hxg5 Rh8 33. Bd2 Qc8 34. Rb1 Qa8 1/2-1/2

[Event "HUN-ch Rapid 2019"]
[Site "Ajka"]
[Date "2019.07.21"]
[Round "12.4"]
[White "Horvath, Adam"]
[Black "Papp, Gabor"]
[Result "0-1"]
[ECO "B50"]
[WhiteElo "2517"]
[BlackElo "2587"]
[Annotator "ChessBase"]
[PlyCount "126"]
[EventDate "2019.07.18"]
[EventType "swiss"]
[EventCountry "HUN"]
[SourceTitle "playchess.com"]
[Source "ChessBase"]
[SourceQuality "1"]
[TimeControl "1200+5"]

1. e4 c5 2. Nf3 d6 3. c3 Nf6 4. Bd3 Nc6 5. O-O Bg4 6. Bc2 g6 7. h3 Bxf3 8. Qxf3 Bg7 9. d3 O-O 10. Nd2 b5 11. Qe2 Rb8 12. a3 a5 13. Nf3 Qc7 14. d4 cxd4 15. cxd4 Nd7 16. Be3 Rfc8 17. Bd3 Qb7 18. Rfc1 a4 19. Rc2 Na7 20. Rac1 Rxc2 21. Rxc2 d5 22. Bf4 Rc8 23. Rxc8+ Nxc8 24. exd5 Qxd5 25. Bxb5 Ndb6 26. Ba6 e6 27. Qc2 Qa8 28. Bb5 Nd5 29. Bc6 Qa6 30. Bxd5 exd5 31. Be5 Qc4 32. Qd2 Ne7 33. Bxg7 Kxg7 34. Ne5 Qb3 35. Nf3 Nf5 36. Qe2 Kf8 37. g3 h5 38. Kg2 Nd6 39. Ng5 Nc4 40. h4 Qxb2 41. Qf3 Qb7 42. Ne6+ Kg8 43. Nf4 Qb3 44. Qxd5 Nxa3 45. Qd8+ Kg7 46. Qg5 Kh7 47. d5 Nc4 48. Qe7 Kg8 49. d6 Nxd6 50. Qxd6 a3 51. Qd8+ Kg7 52. Qd4+ Kg8 53. Nd5 a2 54. Nf6+ Kf8 55. Qc5+ Kg7 56. Ne8+ Kg8 57. Nf6+ Kg7 58. Qe5 Qb7+ 59. Kh2 Qf3 60. Ne4+ Kg8 61. Nf6+ Kf8 62. Nd7+ Kg8 63. Nf6+ Kf8 0-1

[Event "HUN-ch Rapid 2019"]
[Site "Ajka"]
[Date "2019.07.21"]
[Round "12.5"]
[White "Czebe, Attila"]
[Black "Prohaszka, Peter"]
[Result "1/2-1/2"]
[ECO "A06"]
[WhiteElo "2436"]
[BlackElo "2598"]
[Annotator "ChessBase"]
[PlyCount "111"]
[EventDate "2019.07.18"]
[EventType "swiss"]
[EventCountry "HUN"]
[SourceTitle "playchess.com"]
[Source "ChessBase"]
[SourceQuality "1"]
[TimeControl "1200+5"]

1. Nf3 d5 2. g3 g6 3. c4 c6 4. cxd5 cxd5 5. Qa4+ Nc6 6. Ne5 Qc7 7. Nxc6 Bd7 8. d4 Bxc6 9. Qd1 Bg7 10. Bg2 Nh6 11. Bxh6 Bxh6 12. Nc3 e6 13. O-O O-O 14. e3 Qb6 15. Qb3 Qa5 16. Rfc1 Rfc8 17. a3 Bf8 18. Qd1 Qd8 19. b4 Rc7 20. Bf1 Bd7 21. Bd3 Rac8 22. Ne2 a5 23. Rxc7 Qxc7 24. Rc1 Qb6 25. Rxc8 Bxc8 26. Qc1 Bd7 27. b5 Bd6 28. a4 Qd8 29. Nf4 b6 30. Bf1 Qc7 31. Qxc7 Bxc7 32. Nd3 f6 33. Bg2 Kf7 34. h4 Ke7 35. f4 Be8 36. Kf2 Bf7 37. Ke2 h6 38. Kd2 Bg8 39. Nf2 e5 40. dxe5 fxe5 41. Ng4 d4 42. fxe5 dxe3+ 43. Nxe3 Bxe5 44. Bd5 Bxd5 45. Nxd5+ Kd6 46. Nxb6 Bxg3 47. Nc4+ Kc5 48. Nxa5 Bxh4 49. Nb3+ Kb4 50. Nd4 Kxa4 51. b6 Bg3 52. b7 h5 53. Ke2 h4 54. Kf3 g5 55. Ne6 Kb5 56. Nxg5 1/2-1/2

[Event "HUN-ch Rapid 2019"]
[Site "Ajka"]
[Date "2019.07.21"]
[Round "12.6"]
[White "Balog, Imre"]
[Black "Egresi, Mate"]
[Result "1-0"]
[ECO "D23"]
[WhiteElo "2566"]
[BlackElo "2341"]
[Annotator "ChessBase"]
[PlyCount "87"]
[EventDate "2019.07.18"]
[EventType "swiss"]
[EventCountry "HUN"]
[SourceTitle "playchess.com"]
[Source "ChessBase"]
[SourceQuality "1"]
[TimeControl "1200+5"]

1. d4 d5 2. Nf3 Nf6 3. c4 dxc4 4. Qa4+ c6 5. Qxc4 e6 6. Bg5 Be7 7. e3 O-O 8. Bd3 b6 9. Qc2 h6 10. Bh4 Bb7 11. Nc3 Nbd7 12. Rd1 Nd5 13. Bxe7 Qxe7 14. Nxd5 exd5 15. O-O c5 16. Bh7+ Kh8 17. Bf5 Nf6 18. Ne5 Bc8 19. Rfe1 Bxf5 20. Qxf5 Kg8 21. h3 Rac8 22. dxc5 bxc5 23. Nd3 Qb7 24. Re2 Rfd8 25. Rc2 Qb6 26. Nf4 Qb7 27. Rcd2 c4 28. Nxd5 Nxd5 29. Rxd5 Rxd5 30. Rxd5 g6 31. Qe5 Rb8 32. Qd4 Qb6 33. Qe5 Rd8 34. e4 Rc8 35. Rd7 a5 36. Qd5 Qf6 37. Rd6 Qg5 38. Qd4 a4 39. Qc3 Qf4 40. Rd4 Qc7 41. e5 Kh7 42. Rd6 Qc5 43. Qf3 Rc7 44. Qf6 1-0

[Event "HUN-ch Rapid 2019"]
[Site "Ajka"]
[Date "2019.07.21"]
[Round "12.7"]
[White "Medvegy, Zoltan"]
[Black "Horvath, Peter"]
[Result "0-1"]
[ECO "A13"]
[WhiteElo "2539"]
[BlackElo "2418"]
[Annotator "ChessBase"]
[PlyCount "100"]
[EventDate "2019.07.18"]
[EventType "swiss"]
[EventCountry "HUN"]
[SourceTitle "playchess.com"]
[Source "ChessBase"]
[SourceQuality "1"]
[TimeControl "1200+5"]

1. c4 e6 2. g3 d5 3. Bg2 Nf6 4. Nf3 d4 5. e3 c5 6. exd4 cxd4 7. O-O Nc6 8. d3 Be7 9. Re1 O-O 10. Na3 Ne8 11. Nc2 a5 12. Ne5 Nxe5 13. Rxe5 f6 14. Re1 Rb8 15. Na3 Nc7 16. Qh5 b6 17. Be4 f5 18. Bg2 Bb7 19. Bf4 Bxg2 20. Kxg2 Bd6 21. Be5 f4 22. gxf4 Rf5 23. Qg4 Qd7 24. Re4 Rbf8 25. Rf1 Qe7 26. h4 Bxe5 27. fxe5 Qb4 28. Qe2 Na6 29. Nc2 Qe7 30. Nxd4 Rf4 31. Rxf4 Rxf4 32. Nf3 Qf7 33. Rh1 Qg6+ 34. Kf1 Qf5 35. Ne1 Nc5 36. h5 h6 37. Qe3 Nd7 38. Ng2 Rf3 39. Nh4 Rxe3 40. Nxf5 Rxd3 41. Ne3 Rd2 42. f4 Rxb2 43. Rg1 Rxa2 44. Rg6 Nf8 45. Rg3 Kf7 46. f5 a4 47. fxe6+ Nxe6 48. Nd5 a3 49. Rf3+ Ke8 50. Nb4 Rb2 0-1

[Event "HUN-ch Rapid 2019"]
[Site "Ajka"]
[Date "2019.07.21"]
[Round "12.8"]
[White "Kovacsy, Barnabas"]
[Black "Mihok, Oliver"]
[Result "0-1"]
[ECO "B32"]
[WhiteElo "2087"]
[BlackElo "2550"]
[Annotator "ChessBase"]
[PlyCount "68"]
[EventDate "2019.07.18"]
[EventType "swiss"]
[EventCountry "HUN"]
[SourceTitle "playchess.com"]
[Source "ChessBase"]
[SourceQuality "1"]
[TimeControl "1200+5"]

1. e4 c5 2. Nf3 Nc6 3. d4 cxd4 4. Nxd4 Qb6 5. Nb3 Nf6 6. Nc3 e6 7. Qe2 Bb4 8. Bd2 O-O 9. O-O-O d5 10. exd5 exd5 11. a3 Re8 12. Nxd5 Bxd2+ 13. Qxd2 Nxd5 14. Qxd5 Qxf2 15. Bd3 Be6 16. Qc5 Qxg2 17. Rhg1 Qh3 18. Rxg7+ Kxg7 19. Rg1+ Bg4 20. Qg5+ Kf8 21. Rxg4 Qe3+ 22. Qxe3 Rxe3 23. Bxh7 Ke7 24. Kd2 Rh3 25. Bd3 Rxh2+ 26. Kc3 Rc8 27. Re4+ Kd6 28. Nd4 Ne5+ 29. Kb3 Nxd3 30. cxd3 Rc5 31. a4 a6 32. Nf3 Rh3 33. Rf4 f5 34. d4 Rc1 0-1

[Event "HUN-ch Rapid 2019"]
[Site "Ajka"]
[Date "2019.07.21"]
[Round "12.9"]
[White "Karacsonyi, Gellert"]
[Black "Videki, Sandor"]
[Result "0-1"]
[ECO "B56"]
[WhiteElo "2315"]
[BlackElo "2401"]
[Annotator "NA"]
[PlyCount "132"]
[EventDate "2019.07.18"]
[EventType "swiss"]
[EventCountry "HUN"]
[SourceTitle "playchess.com"]
[Source "ChessBase"]
[SourceQuality "1"]
[TimeControl "1200+5"]

1. e4 c5 2. Nf3 Nc6 3. d4 cxd4 4. Nxd4 Nf6 5. Nc3 d6 6. f3 e5 7. Nb3 a5 8. Bb5 Be7 9. Be3 O-O 10. Qd2 Be6 11. O-O-O Na7 12. Bxa7 Rxa7 13. Qf2 Ra8 14. Kb1 Qc7 15. h4 Nd7 16. Bxd7 Qxd7 17. Nc5 Qc6 18. Nxe6 fxe6 19. a4 Rad8 20. Rhe1 Bf6 21. g4 Rd7 22. Rd3 Bd8 23. Red1 Bb6 24. Qd2 Bc5 25. Nb5 Bb4 26. Qe2 Qb6 27. Qg2 Qd8 28. g5 Rf4 29. h5 Qe7 30. g6 h6 31. c3 Bc5 32. Qd2 Rf8 33. b4 axb4 34. cxb4 Bd4 35. Nxd4 exd4 36. Rxd4 d5 37. exd5 e5 38. Rc4 Qf6 39. Qd3 b5 40. Rc6 Qh4 41. Qxb5 Qxh5 42. Qd3 Rdd8 43. Rc3 Rf4 44. d6 Rxb4+ 45. Rb3 Rd4 46. Qc2 Rxd1+ 47. Qxd1 Qxg6+ 48. Qd3 Rxd6 49. Qxg6 Rxg6 50. a5 Ra6 51. Rb5 Rf6 52. Rxe5 Rxf3 53. Kb2 Rf6 54. Rb5 Kh7 55. Rb6 Rf5 56. a6 Ra5 57. Kb3 h5 58. Kb4 Ra1 59. Kc5 h4 60. Rb4 Rxa6 61. Rxh4+ Kg6 62. Rg4+ Kf6 63. Kd5 Ra5+ 64. Kd6 g5 65. Rg1 Kf5 66. Rf1+ Ke4 0-1